 Dungeon Sprint DCSS version 0.27.1 (webtiles) character file.

Game seed: 5485632015268386426

739 styxcanada the Unseen (level 7, -4/38 HPs)
             Began as a Spriggan Brigand on Aug 22, 2021.
             Was an Initiate of Gozag.
             Killed from afar by a burning bush (16 damage)
             ... with a puff of flame
             ... in the Dungeon (Sprint IV: "Fedhas' Mad Dash").
             The game lasted 00:06:00 (318 turns).

styxcanada the Unseen (Spriggan Brigand)             Turns: 318, Time: 00:06:00

Health: -4/38      AC:  3    Str:  7    XL:     7   Next: 46%
Magic:  8/8        EV: 22    Int: 12    God:    Gozag
Gold:   112        SH:  0    Dex: 19    Spells: 3/6 levels left

rFire    . . .     SeeInvis +   a - +2 dagger
rCold    . . .     Faith    .   (shield restricted)
rNeg     . . .     Spirit   .   b - +0 robe
rPois    .         Reflect  .   (helmet restricted)
rElec    .         Harm     .   c - +0 cloak
rCorr    .         Rampage  .   (gloves unavailable)
Will     +....     NoTele   +   (boots unavailable)
Stlth    +++++++...             m - amulet of invisibility {+Inv}
HPRegen  0.12/turn              (no ring)
MPRegen  0.11/turn              (no ring)

@: slightly contaminated, very quick
A: very small, no large weapons, unfitting armour, see invisible, speed 3
a: Renounce Religion, Evoke Invisibility, Potion Petition, Call Merchant, Bribe
Branch


You were in the Dungeon.
You worshipped Gozag.
Gozag was aware of your devotion.
You visited 1 branch You collected 385 gold pieces.
You spent 273 gold pieces at shops.

Inventory:

Hand Weapons
 a - a +2 dagger (weapon)
 p - a +1 rapier of speed
Missiles
 d - 6 poisoned darts (quivered)
 o - 15 stones
Armour
 b - a +0 robe (worn)
 c - a +0 cloak (worn)
Jewellery
 m - the amulet of invisibility (around neck) {+Inv}
   (You found it in the Dungeon)

   [amulet of nothing]

   +Inv:      It lets you turn invisible.
Scrolls
 e - a scroll of enchant weapon {unknown}
 k - a scroll of blinking
 n - 2 scrolls of identify
 q - a scroll of vulnerability
 r - a scroll of amnesia {unknown}
 t - a scroll of magic mapping {unknown}
 v - a scroll of torment {unknown}
Potions
 f - a potion of curing
 g - 2 potions of heal wounds
 h - a potion of haste
 i - 2 potions of magic
 j - 2 potions of berserk rage
 l - a potion of flight
 s - a potion of lignification {unknown}
 u - a potion of attraction {unknown}
Miscellaneous
 w - a phantom mirror


   Skills:
 * Level 4.8 Fighting
 + Level 4.9 Short Blades
 + Level 4.8 Throwing
 * Level 7.5 Dodging
 * Level 18.5 Stealth
 + Level 4.0 Evocations


You had 3 spell levels left.
You knew the following spells:

 Your Spells              Type           Power      Damage    Failure   Level
a - Tukima's Dance        Hex            0%         N/A       69%         3

Your spell library contained the following spells:

 Spells                   Type           Power      Damage    Failure   Level
 Passage of Golubria      Tloc           N/A        N/A       97%         4
 Yara's Violent Unravell  Hex/Tmut       0%         3d3       100%        5


Dungeon Overview and Level Annotations

Branches:
Dungeon (1/1)

Altars:
Cheibriados
Dithmenos
Elyvilon
Gozag
Hepliaklqana
Kikubaaqudgha
Makhleb
Nemelex Xobeh
Okawaru
Qazlal
Ru
Sif Muna
Trog
Uskayaw
Vehumet
Wu Jian
Xom
Yredelemnul
Zin
The Shining One
Beogh
Jiyva
Lugonu

Shops:
D !?*(


Innate Abilities, Weirdness & Mutations

You are very small and have problems with some larger weapons.
You are too small for most types of armour.
You have supernaturally acute eyesight. (SInv)
You cover ground extremely quickly. (Speed+++)


Message History

You hit the burning bush but do no damage.
The burning bush is lightly damaged.
You hit the burning bush but do no damage.
The burning bush is lightly damaged.
You hit the burning bush.
The burning bush is moderately damaged.
You hit the burning bush.
The burning bush is moderately damaged.
You see here a scroll of identify.
n - 2 scrolls of identify (gained 1)
You open the door.
You flicker for a moment.
Found a scroll labelled FABISANEROU and a phantom mirror.
Found Nerupn's Assorted Antiques.
Found Amidwimp's Weapon Emporium.
The burning bush throws fire at you. The puff of flame hits you.
There is an open door here.
You see here a scroll labelled FABISANEROU.
e - a scroll labelled FABISANEROU The burning bush throws fire at you.
The puff of flame misses you. The burning bush throws fire at you.
The puff of flame misses you.
There is an entrance to Nerupn's Assorted Antiques here.
r - a scroll labelled MEK GA ERPHAIH;
s - a lumpy ruby potion
t - a scroll labelled ZANEL COSOIPN;
u - an amethyst potion
v - a scroll labelled DITUKL LUFOTH Thank you for shopping at Nerupn's Assorted Antiques!
The burning bush throws fire at you. The puff of flame hits you!
You see here a phantom mirror.
w - a phantom mirror
There is an entrance to Amidwimp's Weapon Emporium here.
You flicker back into view.
There is an open door here.
The burning bush throws fire at you. The puff of flame hits you!
You die...
Your body crumbles into a pile of gold.

######################
_._.⌠.#..'.)[#....##∩#
._._..'..#!..#...P'..#
_._...#..###'##(@.##∩#$$
._._..#..##∩∩.$$..####
_._.⌠.#############
####### $ $ $


You could see a burning bush.

Vanquished Creatures
  2 wandering mushrooms (D)
  3 scorpions (D)
  3 oklob saplings (D)
  2 spriggans (D)
  A river rat (D)
  A rat (D)
12 creatures vanquished.

Vanquished Creatures (others)
  2 fungi (D)
2 creatures vanquished.

Grand Total: 14 creatures vanquished

Notes
Turn   | Place    | Note
-------+----------+-------------------------------------------
     0 | D        | styxcanada the Spriggan Brigand began the quest for the
                  | Orb.
     0 | D        | Reached XP level 1. HP: 10/10 MP: 2/2
    16 | D        | Reached skill level 7 in Stealth
    16 | D        | Reached XP level 2. HP: 11/15 MP: 3/3
    20 | D        | Reached skill level 8 in Stealth
   101 | D        | Noticed an oklob sapling
   103 | D        | Killed an oklob sapling
   104 | D        | Reached skill level 9 in Stealth
   104 | D        | Reached XP level 3. HP: 19/19 MP: 4/4
   105 | D        | Noticed a scorpion
   105 | D        | Found the amulet of invisibility {+Inv}
   107 | D        | Killed a scorpion
   108 | D        | Reached skill level 11 in Stealth
   108 | D        | Reached XP level 4. HP: 23/23 MP: 5/5
   134 | D        | Found an opulent altar of Gozag.
   134 | D        | Found a hazy altar of Hepliaklqana.
   134 | D        | Found a burning altar of Makhleb.
   134 | D        | Found a sparkling altar of Nemelex Xobeh.
   134 | D        | Found a snail-covered altar of Cheibriados.
   134 | D        | Found a sacrificial altar of Ru.
   134 | D        | Found a shimmering blue altar of Sif Muna.
   134 | D        | Found a shimmering altar of Xom.
   134 | D        | Found a basalt altar of Yredelemnul.
   135 | D        | Found a viscous altar of Jiyva.
   135 | D        | Found a bloodstained altar of Trog.
   135 | D        | Found an ornate altar of the Wu Jian Council.
   136 | D        | Found an iron altar of Okawaru.
   136 | D        | Found a shadowy altar of Dithmenos.
   136 | D        | Found a glowing silver altar of Zin.
   137 | D        | Found an ancient bone altar of Kikubaaqudgha.
   137 | D        | Found a hide-covered altar of Uskayaw.
   138 | D        | Found a stormy altar of Qazlal.
   138 | D        | Found a white marble altar of Elyvilon.
   138 | D        | Found a glowing golden altar of the Shining One.
   139 | D        | Became a worshipper of Gozag Ym Sagoz the Greedy
   140 | D        | Found a corrupted altar of Lugonu.
   140 | D        | Found a radiant altar of Vehumet.
   144 | D        | Reached skill level 13 in Stealth
   144 | D        | Reached XP level 5. HP: 28/28 MP: 3/6
   178 | D        | Reached skill level 1 in Evocations
   184 | D        | Reached skill level 5 in Dodging
   184 | D        | Reached skill level 14 in Stealth
   185 | D        | Reached skill level 15 in Stealth
   187 | D        | Reached XP level 6. HP: 33/33 MP: 5/7
   214 | D        | Learned a level 3 spell: Tukima's Dance
   220 | D        | Found Deyh's Magic Scroll Shop.
   220 | D        | Found Huatohud's Distillery.
   226 | D        | Bought a potion of berserk rage for 50 gold pieces
   226 | D        | Bought a potion of degeneration for 10 gold pieces
   226 | D        | Bought a potion of heal wounds for 50 gold pieces
   233 | D        | Bought 2 scrolls of identify for 44 gold pieces
   247 | D        | Noticed a burning bush
   247 | D        | Noticed a wandering mushroom
   248 | D        | Noticed a wandering mushroom
   254 | D        | Killed a wandering mushroom
   255 | D        | Reached skill level 17 in Stealth
   255 | D        | Reached XP level 7. HP: 38/38 MP: 5/8
   287 | D        | Killed a wandering mushroom
   288 | D        | Reached skill level 18 in Stealth
   307 | D        | Found Nerupn's Assorted Antiques.
   308 | D        | Found Amidwimp's Weapon Emporium.
   312 | D        | Bought a scroll labelled MEK GA ERPHAIH for 25 gold pieces
   312 | D        | Bought a lumpy ruby potion for 22 gold pieces
   312 | D        | Bought a scroll labelled ZANEL COSOIPN for 25 gold pieces
   312 | D        | Bought an amethyst potion for 22 gold pieces
   312 | D        | Bought a scroll labelled DITUKL LUFOTH for 25 gold pieces
   318 | D        | Killed from afar by a burning bush

Illustrated notes

Levels and vault maps discovered:
D:        dungeon_sprint_fedhas [sprint_temple]

Skill      XL: |  1  2  3  4  5  6  7 |
---------------+----------------------+-----
Dodging        | 2 3 4 5 6 7 |  7.5
Stealth        | 7 9 11 13 15 17 18 | 18.5
Fighting       | 2 3 4 |  4.8
Short Blades   | 3 4 |  4.9
Throwing       | 3 4 |  4.8
Evocations     | 2 3 4 |  4.0

Action                   |  1- 3 |  4- 6 |  7- 9 || total
-------------------------+-------+-------+-------++-------
Melee: Dagger            |    10 |    11 |    17 ||    38
Throw: Dart              |     9 |       |     3 ||    12
 Abil: Evoke Invisibilit |       |     3 |     1 ||     4
  Use: Scroll            |       |     2 |       ||     2
 Stab: Sleeping          |     2 |     5 |       ||     7
       Invisible         |       |     2 |     2 ||     4
Armor: Robe              |     1 |       |       ||     1
Dodge: Dodged            |     4 |     4 |     9 ||    17
